 Dungeon Crawl Stone Soup version 0.27.1-33-g824d729ab1 (webtiles) character file.

Game seed: 4688623598678457634

42 zeram the Shield-Bearer (level 3, -3/24 HPs)
             Began as a Gargoyle Fighter on Dec 31, 2021.
             Engulfed by a cloud of flame (22 damage)
             ... on level 2 of the Dungeon.
             The game lasted 00:01:36 (1226 turns).

zeram the Shield-Bearer (Gargoyle Fighter)          Turns: 1226, Time: 00:01:37

Health: -3/24      AC: 10    Str: 20    XL:     3   Next: 54%
Magic:  3/3        EV:  7    Int:  8    God:
Gold:   29         SH:  9    Dex:  9    Spells: 2/2 levels left

rFire    . . .     SeeInvis .   a - +3 flail
rCold    . . .     Faith    .   c - +0 kite shield
rNeg     + . .     Spirit   .   b - +0 scale mail
rPois    ∞         Reflect  .   (no helmet)
rElec    +         Harm     .   (no cloak)
rCorr    .         Rampage  .   (no gloves)
Will     .....                  (no boots)
Stlth    ..........             (no amulet)
HPRegen  0.08/turn              (no ring)
MPRegen  0.08/turn              (no ring)

@: no status effects
A: sickness immunity, AC +3, negative energy resistance 1, electricity
resistance, torment resistance 1, petrification resistance
a: no special abilities


You were on level 2 of the Dungeon.
You visited 1 branch of the dungeon, and saw 2 of its levels.

You collected 29 gold pieces.

Inventory:

Hand Weapons
 a - a +3 flail (weapon)
Missiles
 e - 2 throwing nets (quivered)
Armour
 b - a +0 scale mail (worn)
 c - a +0 kite shield (worn)
Jewellery
 i - an amulet of guardian spirit
Scrolls
 g - a scroll of fear {unknown}
 h - a scroll of acquirement
Potions
 d - 2 potions of might
 f - a potion of heal wounds {unknown}


   Skills:
 + Level 3.6 Fighting
 + Level 2.5 Maces & Flails
 + Level 3.5 Armour
 + Level 0.1 Dodging
 + Level 3.9 Shields


You had 2 spell levels left.
You didn't know any spells.
Your spell library contained the following spells:

 Spells                   Type           Power      Damage    Failure   Level
 Fulminant Prism          Conj/Hex       0%         3d6       100%        4
 Iskenderun's Mystic Bla  Conj/Tloc      0%         2d3       100%        4
 Lee's Rapid Deconstruct  Erth           0%         3d5*      100%        5


Dungeon Overview and Level Annotations

Branches:
Dungeon (2/15)

Altars:


Innate Abilities, Weirdness & Mutations

You are immune to sickness and miasma.
Your stone body is resilient. (AC +3)
You are immune to poison.
You resist negative energy. (rN+)
You are resistant to electric shocks. (rElec)
You are resistant to unholy torment.
You are immune to petrification.


Message History

You closely miss the adder. The adder bites you but does no damage.
The adder barely misses you.
You barely miss the adder. The adder bites you but does no damage.
The adder closely misses you.
You miss the adder. You block the adder's attack. x2
You miss the adder. The adder bites you but does no damage.
The adder barely misses you.
You miss the adder. You block the adder's attack. x2
You barely miss the adder. The adder bites you but does no damage.
You miss the adder. You block the adder's attack. x2
You closely miss the adder. You block the adder's attack. x2
You closely miss the adder. The adder bites you. You block the adder's attack.
You sock the adder!
You kill the adder!
No target in view!
No target in view!
No target in view!
No target in view!
No target in view!
No target in view!
No target in view!
No target in view!
No target in view!
No target in view!
No target in view!
No target in view!
No target in view!
No target in view!
No target in view!
No target in view!
No target in view!
No target in view!
No target in view!
No target in view!
Found a dagger.
Really walk into a travel-excluded area?
Found 26 stones.
You are engulfed in blazing flames.
Ouch! That really hurt!
You die...

#..##.## #...#..#####...###
#........§§...(.°
##.###..☼°§.:.).§
#.####.☼○§..[.. #..#
#####...# ##.#### #○§☼#
####....# #§§§# #.......#
#○@°# .......#.######...#
###
...####.....##>...####.###
##..........##....##.....#
.####......#....##.....#
#...##.......##.....#####
....#......#.#.............
#####.####...#†#.##########
.... #.#.....)#


There were no monsters in sight!

Vanquished Creatures
  An adder (D:2)
  2 dart slugs (D:1)
  4 bats (D:1)
  2 endoplasms (D:1)
  3 giant cockroaches (D:1)
  3 goblins
  2 hobgoblins (D:1)
  A kobold (D:1)
  2 quokkas
  2 ball pythons
  2 frilled lizards (D:1)
  A rat (D:1)
25 creatures vanquished.

Notes
Turn   | Place    | Note
-------+----------+-------------------------------------------
     0 | D:1      | zeram the Gargoyle Fighter began the quest for the Orb.
     0 | D:1      | Reached XP level 1. HP: 14/14 MP: 1/1
   120 | D:1      | Reached XP level 2. HP: 12/19 MP: 2/2
   682 | D:1      | Reached XP level 3. HP: 21/23 MP: 3/3
   688 | D:1      | Identified a scroll of acquirement
  1226 | D:2      | Engulfed by a cloud of flame

Illustrated notes

Levels and vault maps discovered:
D:1:      giann_forest_graveyard, layout_basic, serial_forest,
          infiniplex_forest_lined_3, infiniplex_forest_lined_ring,
          infiniplex_forest_clump_long, infiniplex_forest_straight_3, hex_medium
D:2:      layout_rooms, lemuel_flame_loot_1

Action                   || total
-------------------------++-------
Melee: Flail             ||   124
  Use: Scroll            ||     4
Armor: Scale mail        ||    91
Dodge: Dodged            ||    43
Block: Kite shield       ||    91
